 Dungeon Crawl Stone Soup version 0.21.1-1-g345015f (webtiles) character file.

92 aMcNicky the Charmwright (level 4, 0/37 HPs)
             Began as a Centaur Skald on Mar 20, 2018.
             Succumbed to an adder's poison
             ... on level 2 of the Dungeon.
             The game lasted 00:05:48 (1956 turns).

aMcNicky the Charmwright (Centaur Skald)            Turns: 1956, Time: 00:05:49

Health: 0/37       AC:  4    Str: 15    XL:     4   Next: 35%
Magic:  6/7        EV:  9    Int: 12    God:
Gold:   81         SH:  0    Dex:  8    Spells: 6/7 levels left

rFire    . . .     SeeInvis .   a - +0 spear
rCold    . . .     Gourm    .   (no shield)
rNeg     . . .     Faith    .   b - +0 leather armour
rPois    .         Spirit   .   (no helmet)
rElec    .         Reflect  .   (no cloak)
rCorr    .         Harm     .   (no gloves)
MR       .....                  (no barding)
Stlth    ..........             (no amulet)
HPRegen  0.12/turn              (no ring)
MPRegen  0.10/turn              (no ring)

@: lethally poisoned (0 -> -3), infused (expiring), very quick
A: large, hooves 3, deformed body, speed 2, tough skin 3
a: no special abilities


You were on level 2 of the Dungeon.
You were hungry.

You visited 1 branch of the dungeon, and saw 2 of its levels.

You collected 81 gold pieces.

Inventory:

Hand Weapons
 a - a +0 spear (weapon)
Armour
 b - a +0 leather armour (worn)
 h - a +1 cloak
Jewellery
 i - a cursed ring of teleportation {unknown}
 o - an uncursed amulet of the gourmand {unknown}
Scrolls
 j - a scroll of magic mapping {unknown}
 m - 2 scrolls of identify {unknown}
Potions
 e - a potion of agility {unknown}
 f - a potion of curing {unknown}
 g - a potion of flight {unknown}
 k - a potion of mutation {unknown}
 l - a potion of might {unknown}
 n - a potion of degeneration {unknown}
Books
 c - a book of Battle

   Spells                             Type                      Level
   a - Infusion                       Charms                       1
   b - Shroud of Golubria             Charms/Translocation         2
   c - Song of Slaying                Charms                       2
   d - Spectral Weapon                Hexes/Charms                 3
   e - Regeneration                   Charms/Necromancy            3
Comestibles
 d - 7 rations


   Skills:
 + Level 2.4 Fighting
 * Level 2.7 Polearms
 + Level 1.4 Armour
 + Level 1.8 Dodging
 + Level 2.0 Spellcasting
 + Level 3.0 Charms


You had 6 spell levels left.
You knew the following spells:

 Your Spells              Type           Power        Failure   Level  Hunger
a - Infusion              Chrm           #...         10%         1    ##.....


Dungeon Overview and Level Annotations

Branches:
Dungeon (2/15)

Altars:

Annotations:
D:2 Natasha


Innate Abilities, Weirdness & Mutations

You have hooves in place of feet.
Armour fits poorly on your strangely shaped body.
You cover ground very quickly.
You have extremely tough skin. (AC +3)


Message History

Natasha shimmers violently.
You feel sick. The white imp gestures at you. The puff of frost hits you!
* * * LOW HITPOINT WARNING * * *
* * * LOW HITPOINT WARNING * * *
You feel sick.
Natasha howls an incantation.
You feel disoriented.
You see here 21 arrows.
* * * LOW HITPOINT WARNING * * *
You feel sick.
You see here a pair of boots.
Your magical infusion is running out.
Natasha wildly gestures.
Natasha glows brightly for a moment.
Natasha mumbles some strange words.
* * * LOW HITPOINT WARNING * * *
You feel sick.
You die...

# ##### # #########5..#
# ###....S..h...######
##......####.(.55....
#####...@##.# ######....
#.....#..##.# #...#
.###...###.#########..#.
##.## #...........#..
#.# ############... #.#
#### #.# #.# #.###


You could see Natasha and an adder.

Vanquished Creatures
  A gnoll (D:1)
  3 adders (D:2)
  An ooze (D:1)
  A worm (D:2)
  A dart slug (D:1)
  3 ball pythons
  3 bats
  2 giant cockroaches
  4 goblins
  7 hobgoblins
  8 jackals
  4 kobolds
  9 rats
47 creatures vanquished.

Notes
Turn   | Place    | Note
-------+----------+-------------------------------------------
     0 | D:1      | aMcNicky the Centaur Skald began the quest for the Orb.
     0 | D:1      | Reached XP level 1. HP: 17/17 MP: 3/3
   127 | D:1      | Reached XP level 2. HP: 24/24 MP: 4/4
   183 | D:1      | Reached skill level 1 in Armour
   375 | D:1      | Reached XP level 3. HP: 23/29 MP: 5/5
  1393 | D:2      | Noticed Natasha
  1670 | D:2      | Reached XP level 4. HP: 37/37 MP: 6/6
  1807 | D:2      | Found a faded altar of an unknown god.
  1934 | D:2      | Reached skill level 3 in Charms
  1952 | D:2      | HP: 1/37 [poisoned by an adder]
  1956 | D:2      | Succumbed to an adder's poison

Skill      XL: |  1  2  3  4 |
---------------+-------------+-----
Polearms       | 2 |  2.7
Armour         | 1 |  1.4
Spellcasting   | 2 |  2.0
Charms         | 3 |  3.0
Fighting       | |  2.4
Dodging        | |  1.8

Action                   |  1- 3 |  4- 6 || total
-------------------------+-------+-------++-------
Melee: Spear             |   147 |    25 ||   172
       Kick              |    12 |     3 ||    15
 Cast: Infusion          |     2 |     1 ||     3
  Eat: Chunk             |     1 |     1 ||     2
Armor: Leather armour    |    31 |     3 ||    34
Dodge: Dodged            |    44 |    10 ||    54
